 Dungeon Crawl Stone Soup version 0.28.0 (webtiles) character file.

Game seed: 11022149350917051512

357 spaghetti the Skirmisher (level 6, 0/66 HPs)
             Began as an Ogre Delver on Feb 18, 2022.
             Was an Initiate of Ru.
             Slain by a howler monkey (4 damage)
             ... on level 6 of the Dungeon.
             The game lasted 00:04:05 (1991 turns).

spaghetti the Skirmisher (Ogre Delver)              Turns: 1991, Time: 00:04:06

Health: 0/66       AC:  3    Str: 19    XL:     6   Next: 64%
Magic:  15/15      EV: 10    Int: 11    God:    Ru [......]
Gold:   0          SH:  0    Dex: 10    Spells: 5/5 levels left

rFire   . . .      SeeInvis .   a - +0 mace
rCold   . . .      Faith    +   (no shield)
rNeg    . . .      Spirit   .   b - +0 robe
rPois   .          Reflect  .   (helmet restricted)
rElec   .          Harm     .   (no cloak)
rCorr   .          Rampage  .   (gloves unavailable)
Will    .....                   (boots unavailable)
Stlth   ++........              j - amulet of faith
HPRegen 0.21/turn               h - ring of magical power
MPRegen 0.14/turn               (no ring)

@: no status effects
A: large, unfitting armour, tough skin 1
a: Renounce Religion


You were on level 6 of the Dungeon.
You worshipped Ru.
Ru was noncommittal.
You visited 1 branch of the dungeon, and saw 4 of its levels.

Inventory:

Hand Weapons
 a - a +0 mace (weapon)
Missiles
 d - 3 boomerangs (quivered)
Armour
 b - a +0 robe (worn)
Jewellery
 h - a ring of magical power (left hand)
 j - an amulet of faith (around neck)
Wands
 g - a wand of digging (3)
Scrolls
 c - 2 scrolls of fog
 e - a scroll of fear
 f - 2 scrolls of identify
Potions
 i - a potion of brilliance


   Skills:
 + Level 5.0 Fighting
 + Level 4.1 Maces & Flails
 + Level 3.5 Throwing
 - Level 2.2 Dodging
 - Level 4.0 Stealth


You had 5 spell levels left.
You didn't know any spells.
Your spell library contained the following spells:

 Spells                   Type           Power      Damage    Failure   Level
 Ensorcelled Hibernation  Hex/Ice        0%         N/A       47%         2
 Passwall                 Tmut/Erth      0%         N/A       47%         2
 Swiftness                Air            0%         N/A       71%         3


Dungeon Overview and Level Annotations

Branches:
Dungeon (6/15)
 Temple: D:4-7

Altars:
Cheibriados
Ru
Xom

Annotations:
D:4 exclusion: door


Innate Abilities, Weirdness & Mutations

You are too large for most types of armour.
You have tough skin. (AC +1)


Message History

The ice beast is severely wounded.
The ice beast misses you.
You barely miss the ice beast.
The ice beast is severely wounded.
The ice beast hits you. The ice beast freezes you!
You barely miss the ice beast.
The ice beast is severely wounded.
The ice beast closely misses you.
You closely miss the ice beast.
The ice beast is severely wounded.
The ice beast hits you but does no damage.
You hit the ice beast but do no damage.
The ice beast is severely wounded.
The ice beast hits you. The ice beast freezes you! The ice beast hits you.
The ice beast freezes you!
* * * LOW HITPOINT WARNING * * *
You hit the ice beast.
The ice beast is almost dead.
The ice beast closely misses you.
You hit the ice beast.
You kill the ice beast!
Your Fighting skill increases to level 5!
Your Maces & Flails skill increases to level 4!
You start resting.
A howler monkey is nearby!
You sock the howler monkey!
The howler monkey is heavily wounded.
The howler monkey hoots and howls with incredible vigour!
You hear a shout! x8
You barely miss the howler monkey.
The howler monkey is heavily wounded.
You hear a shout!
The howler monkey hits you.
* * * LOW HITPOINT WARNING * * *
You closely miss the howler monkey.
The howler monkey is heavily wounded.
The howler monkey hits you!
* * * LOW HITPOINT WARNING * * *
The howler monkey hits you.
You die...

##..... ###....##
####....###
##......##
#......## #
#....### ...
###.######
.<...#####........#
.......@........###
.....#h##########
... ... . .....
....... .......
....... .....[.


You could see a howler monkey.

Vanquished Creatures
  An ice beast (D:6)
  An ogre (D:4)
  A howler monkey (D:4)
  3 hounds (D:4)
  An iguana (D:4)
  A gnoll (D:4)
  An adder skeleton (D:4)
  A worm (D:3)
  A dart slug (D:4)
  A bat (D:4)
  An endoplasm (D:3)
  3 goblins (D:4)
  A hobgoblin (D:3)
  2 jackals (D:4)
  A kobold (D:3)
  2 ball pythons
  A rat (D:3)
23 creatures vanquished.

Notes
Turn   | Place    | Note
-------+----------+-------------------------------------------
     0 | D:5      | spaghetti the Ogre Delver began the quest for the Orb.
     0 | D:5      | Reached XP level 1. HP: 24/24 MP: 1/1
     5 | D:5      | Found a shimmering altar of Xom.
    24 | D:6      | Noticed an ogre
    24 | D:6      | Noticed a centaur warrior zombie
   284 | D:4      | Noticed a howler monkey
   294 | D:4      | Killed a howler monkey
   295 | D:4      | Reached XP level 2. HP: 5/33 MP: 2/2
   295 | D:4      | Reached XP level 3. HP: 6/40 MP: 3/3
  1077 | D:4      | Found a sacrificial altar of Ru.
  1091 | D:4      | Became a worshipper of Ru the Awakened
  1152 | D:4      | Reached skill level 1 in Throwing
  1152 | D:4      | Reached XP level 4. HP: 24/49 MP: 4/4
  1192 | D:4      | Reached XP level 5. HP: 17/55 MP: 5/5
  1465 | D:4      | Noticed an ogre
  1476 | D:4      | Killed an ogre
  1477 | D:4      | Reached XP level 6. HP: 18/63 MP: 6/6
  1857 | D:4      | Found a snail-covered altar of Cheibriados.
  1931 | D:4      | You fall into a shaft and drop 2 floors!
  1971 | D:6      | Noticed an ice beast
  1983 | D:6      | Killed an ice beast
  1984 | D:6      | Reached skill level 5 in Fighting
  1991 | D:6      | Slain by a howler monkey

Illustrated notes

Levels and vault maps discovered:
D:3:      cheibrodos_thug_alley, layout_rooms, lemuel_tele_altar, serial_glass,
          glass_columns_b, glass_columns_a, feat_on_display, feat_on_display,
          minmay_strange_pillars, minmay_strange_pillars
D:4:      layout_loops_corners, mainiacjoe_overflow_catwalk,
          nicolae_ru_awakened_eye, grunt_qazlal_clouds, nrook_uturn,
          minivault_23, cheibrodos_gnoll_hut
D:5:      layout_rooms, mainiacjoe_overflow_alcove_1, doesnt_shop_hydraphobe,
          uniq_eustachio
D:6:      layout_rooms, nicolae_uskayaw_suspiria, nemelex_spade_bored_becter,
          minmay_temple_entry_drinking_statues, serial_curves, eino_curves_02,
          eino_curves_03, eino_curves_02, minivault_5, uniq_grinder,
          uniq_blork_the_orc

Skill      XL: |  1  2  3  4  5  6 |
---------------+-------------------+-----
Maces & Flails | 2 3 4 |  4.1
Dodging        | 2 |  2.2
Stealth        | 4 |  4.0
Throwing       | 1 3 |  3.5
Fighting       | 5 |  5.0

Action                   |  1- 3 |  4- 6 || total
-------------------------+-------+-------++-------
Melee: Mace              |    47 |    31 ||    78
Throw: Boomerang         |    22 |    26 ||    48
  Use: Scroll            |     2 |     2 ||     4
       Potion            |     1 |     1 ||     2
 Stab: Sleeping          |     2 |       ||     2
Armor: Robe              |    13 |     3 ||    16
Dodge: Dodged            |    38 |    16 ||    54
